[ AOE2 MATCH · #505212004 ]
UnrankedMuisca vs Jurchens
Player's team · LOSS
Rival team · WIN
[ REPLAY ANALYSIS · EXTRACTED FROM THE RECORDED GAME ]
Feudal
11:24
Castle
15:24
Imperial
42:13
| APM avg | 48.5 |
| APM peak | 82 |
| eAPM avg | 27.9 |
| Villagers / military | 179 / 47 |
Focus
⚔️ 36.2% · 🌾 63.8%
Unknown (2550) ×58 · Unknown (2562) ×34 · Spearman ×20 · Monk ×13 · Trebuchet (Packed) ×9 · Mangonel ×4
Feudal
8:52
Castle
22:34
Imperial
41:53
| APM avg | 47.7 |
| APM peak | 87 |
| eAPM avg | 28.1 |
| Villagers / military | 233 / 133 |
Focus
⚔️ 29.3% · 🌾 70.7%
Scout Cavalry ×82 · Steppe Lancer ×24 · Iron Pagoda ×13 · Trebuchet (Packed) ×8 · Battering Ram ×3 · Monk ×2
Match map
Initial resources + every placement click. Lines = walls · curves = elevation contours. ◆ gold · ⬟ stone · ● berries · ✦ relic · ◌ wall gap
Your base· Open — unwalled flank
Molle's base· ✓ Closed at 22:34 · 52t walls · 1 gate(s)
Smoothed initial terrain · ◌ = detected wall gap · hover for details
Inputs per minute
— wisenatic - - Molle
Build order — wisenatic
First 150 of 478 actions detected
| 0:00 | Create | Villager (Male) |
| 0:01 | Create | Villager (Male) |
| 0:01 | Create | Villager (Male) |
| 0:01 | Create | Villager (Male) |
| 0:02 | Build | House |
| 0:03 | Build | House |
| 1:22 | Create | Villager (Male) |
| 1:58 | Create | Villager (Male) |
| 2:11 | Create | Villager (Male) |
| 2:13 | Build | Settlement |
| 2:30 | Create | Villager (Male) |
| 3:16 | Create | Villager (Male) |
| 3:46 | Create | Villager (Male) |
| 3:46 | Create | Villager (Male) |
| 4:11 | Create | Villager (Male) |
| 4:11 | Create | Villager (Male) |
| 4:18 | Build | Settlement |
| 4:51 | Create | Villager (Male) |
| 5:27 | Build | Settlement |
| 5:29 | Create | Villager (Male) |
| 5:58 | Create | Villager (Male) |
| 6:18 | Create | Villager (Male) |
| 6:43 | Create | Villager (Male) |
| 7:20 | Create | Villager (Male) |
| 7:58 | Create | Villager (Male) |
| 8:11 | Create | Villager (Male) |
| 8:26 | Build | Dock |
| 8:28 | Create | Villager (Male) |
| 8:35 | Research | Loom |
| 9:14 | Research | Feudal Age |
| 9:14 | Research | Feudal Age |
| 9:14 | Research | Feudal Age |
| 9:16 | Create | Fishing Ship |
| 9:17 | Create | Fishing Ship |
| 9:44 | Build | Palisade Wall |
| 9:47 | Build | Palisade Wall |
| 9:47 | Build | Palisade Wall |
| 9:47 | Build | Palisade Wall |
| 10:02 | Create | Fishing Ship |
| 10:57 | Build | Palisade Wall |
| 10:58 | Build | Palisade Wall |
| 11:03 | Build | Palisade Wall |
| 11:04 | Build | Palisade Wall |
| 11:13 | Build | Palisade Wall |
| 11:21 | Create | Villager (Male) |
| 11:24 | Age | Feudal Age |
| 11:27 | Create | Villager (Male) |
| 11:31 | Build | Market |
| 11:37 | Create | Villager (Male) |
| 11:46 | Build | Blacksmith |
| 12:15 | Build | Palisade Wall |
| 12:17 | Build | Palisade Wall |
| 12:19 | Build | Palisade Wall |
| 12:44 | Research | Castle Age |
| 12:44 | Research | Castle Age |
| 13:03 | Research | Double-Bit Axe |
| 13:07 | Build | Palisade Wall |
| 13:09 | Build | House |
| 13:12 | Build | Palisade Wall |
| 13:13 | Build | Palisade Wall |
| 13:41 | Build | Fish Trap |
| 13:42 | Build | Fish Trap |
| 14:14 | Build | Fish Trap |
| 14:47 | Create | Villager (Male) |
| 14:57 | Build | Market |
| 14:59 | Build | Barracks |
| 15:24 | Age | Castle Age |
| 15:26 | Create | Villager (Male) |
| 15:32 | Build | Settlement |
| 15:38 | Create | Spearman |
| 15:51 | Create | Villager (Male) |
| 16:21 | Create | Villager (Male) |
| 16:23 | Create | Spearman |
| 16:54 | Create | Villager (Male) |
| 17:08 | Create | Villager (Male) |
| 17:31 | Create | Villager (Male) |
| 17:46 | Create | Spearman |
| 18:06 | Create | Villager (Male) |
| 18:22 | Build | Castle |
| 18:27 | Build | Castle |
| 18:41 | Create | Villager (Male) |
| 18:48 | Create | Villager (Male) |
| 19:18 | Build | Town Center |
| 19:22 | Create | Unit 2562 |
| 19:22 | Create | Unit 2562 |
| 19:37 | Create | Villager (Male) |
| 19:37 | Create | Villager (Male) |
| 19:55 | Research | Fletching |
| 19:55 | Research | Fletching |
| 20:10 | Create | Villager (Male) |
| 20:11 | Create | Unit 2562 |
| 20:31 | Create | Villager (Male) |
| 20:46 | Create | Villager (Male) |
| 20:56 | Create | Unit 2562 |
| 20:57 | Create | Villager (Male) |
| 21:25 | Create | Villager (Male) |
| 21:26 | Create | Villager (Male) |
| 21:31 | Build | Monastery |
| 21:49 | Build | House |
| 21:51 | Create | Unit 2562 |
| 22:04 | Create | Monk |
| 22:11 | Create | Villager (Male) |
| 22:11 | Create | Villager (Male) |
| 22:11 | Create | Villager (Male) |
| 22:11 | Create | Villager (Male) |
| 22:30 | Build | Farm |
| 22:33 | Build | Farm |
| 22:35 | Build | Farm |
| 22:42 | Create | Unit 2562 |
| 22:42 | Create | Unit 2562 |
| 22:56 | Create | Villager (Male) |
| 23:02 | Build | Settlement |
| 23:10 | Build | Farm |
| 23:19 | Create | Villager (Male) |
| 23:22 | Create | Unit 2562 |
| 23:41 | Create | Monk |
| 23:54 | Build | Farm |
| 23:54 | Create | Villager (Male) |
| 23:58 | Build | Farm |
| 23:58 | Build | Farm |
| 23:58 | Build | Farm |
| 24:03 | Build | Farm |
| 24:04 | Create | Villager (Male) |
| 24:21 | Create | Unit 2562 |
| 24:43 | Create | Villager (Male) |
| 24:44 | Create | Villager (Male) |
| 24:47 | Create | Monk |
| 25:04 | Create | Villager (Male) |
| 25:21 | Create | Villager (Male) |
| 25:29 | Build | Castle |
| 25:39 | Create | Villager (Male) |
| 25:40 | Build | Farm |
| 25:41 | Build | Farm |
| 25:48 | Build | Farm |
| 25:49 | Create | Villager (Male) |
| 25:55 | Build | Castle |
| 26:05 | Build | Farm |
| 26:06 | Build | Farm |
| 26:08 | Build | Farm |
| 26:12 | Create | Monk |
| 26:13 | Create | Villager (Male) |
| 26:34 | Create | Villager (Male) |
| 26:47 | Create | Villager (Male) |
| 26:50 | Create | Villager (Male) |
| 27:00 | Create | Unit 2562 ×5 |
| 27:00 | Create | Unit 2562 ×5 |
| 27:01 | Create | Villager (Male) |
| 27:18 | Create | Villager (Male) |
| 27:22 | Create | Monk |
| 27:31 | Build | Outpost |
Build order — Molle
First 150 of 635 actions detected
| 0:00 | Create | Villager (Male) |
| 0:01 | Create | Villager (Male) |
| 0:01 | Create | Villager (Male) |
| 0:02 | Build | House |
| 0:03 | Build | House |
| 0:22 | Create | Villager (Male) |
| 1:22 | Build | Mill |
| 1:24 | Create | Villager (Male) |
| 1:47 | Create | Villager (Male) |
| 2:14 | Create | Villager (Male) |
| 2:34 | Create | Villager (Male) |
| 3:17 | Create | Villager (Male) |
| 3:43 | Create | Villager (Male) |
| 3:53 | Build | House |
| 3:58 | Create | Villager (Male) |
| 4:11 | Create | Villager (Male) |
| 4:19 | Build | House |
| 4:58 | Create | Villager (Male) |
| 4:58 | Create | Villager (Male) |
| 5:22 | Create | Villager (Male) |
| 5:36 | Create | Villager (Male) |
| 5:39 | Build | Lumber Camp |
| 6:13 | Research | Loom |
| 6:42 | Research | Feudal Age |
| 7:41 | Build | Barracks |
| 7:54 | Create | Villager (Male) |
| 8:52 | Age | Feudal Age |
| 8:55 | Build | Stable |
| 8:57 | Create | Spearman |
| 9:09 | Research | Double-Bit Axe |
| 9:10 | Create | Villager (Male) |
| 9:21 | Create | Villager (Male) |
| 9:27 | Build | House |
| 9:28 | Build | House |
| 9:39 | Build | Farm |
| 9:48 | Create | Scout Cavalry |
| 9:48 | Create | Villager (Male) |
| 9:51 | Build | Mill |
| 10:06 | Create | Scout Cavalry |
| 10:22 | Build | Watch Tower |
| 10:28 | Create | Villager (Male) |
| 10:31 | Create | Villager (Male) |
| 10:37 | Build | Mining Camp |
| 11:13 | Create | Villager (Male) |
| 11:15 | Build | Farm |
| 11:21 | Create | Villager (Male) |
| 11:28 | Build | House |
| 11:34 | Create | Villager (Male) |
| 11:46 | Create | Villager (Male) |
| 11:49 | Build | House |
| 11:51 | Build | Farm |
| 12:01 | Build | Palisade Wall |
| 12:02 | Build | Palisade Wall |
| 12:02 | Build | Palisade Wall |
| 12:03 | Build | Palisade Wall |
| 12:03 | Build | Palisade Wall |
| 12:03 | Build | Palisade Wall |
| 12:11 | Create | Villager (Male) |
| 12:15 | Build | Farm |
| 12:23 | Build | House |
| 12:24 | Build | Palisade Wall |
| 12:27 | Build | Palisade Wall |
| 12:36 | Create | Villager (Male) |
| 12:50 | Build | Watch Tower |
| 12:54 | Create | Villager (Male) |
| 12:57 | Build | Farm |
| 13:01 | Build | House |
| 13:06 | Build | Palisade Wall |
| 13:27 | Build | Farm |
| 13:29 | Create | Villager (Male) |
| 13:37 | Build | Stone Wall |
| 13:38 | Build | Stone Wall |
| 13:38 | Build | Stone Wall |
| 13:38 | Build | Stone Wall |
| 13:44 | Build | Watch Tower |
| 13:45 | Build | Palisade Wall |
| 13:46 | Build | Palisade Wall |
| 13:46 | Build | Palisade Wall |
| 13:46 | Build | Palisade Wall |
| 13:57 | Build | Blacksmith |
| 14:12 | Create | Villager (Male) |
| 14:24 | Build | Farm |
| 14:33 | Build | House |
| 14:43 | Create | Scout Cavalry |
| 14:43 | Create | Scout Cavalry |
| 14:44 | Create | Villager (Male) |
| 14:46 | Research | Forging |
| 14:53 | Research | Scale Barding Armor |
| 15:06 | Build | Farm |
| 15:10 | Build | Watch Tower |
| 15:12 | Build | Palisade Wall |
| 15:12 | Build | Palisade Wall |
| 15:13 | Build | Palisade Wall |
| 15:13 | Build | Palisade Wall |
| 15:22 | Create | Scout Cavalry |
| 15:22 | Create | Villager (Male) |
| 15:26 | Build | Palisade Gate |
| 15:29 | Build | Farm |
| 15:38 | Build | Palisade Gate |
| 15:44 | Create | Villager (Male) |
| 16:02 | Build | Outpost |
| 16:06 | Build | Outpost |
| 16:08 | Create | Villager (Male) |
| 16:12 | Build | Mining Camp |
| 16:15 | Create | Villager (Male) |
| 16:48 | Build | Farm |
| 16:48 | Build | Farm |
| 17:11 | Build | Watch Tower |
| 17:16 | Build | Palisade Wall |
| 17:16 | Build | Palisade Wall |
| 17:19 | Create | Villager (Male) |
| 17:33 | Create | Villager (Male) |
| 17:50 | Create | Villager (Male) |
| 17:53 | Build | Outpost |
| 18:12 | Create | Villager (Male) |
| 18:14 | Build | Farm |
| 18:23 | Build | House |
| 18:28 | Build | Market |
| 18:36 | Research | Town Watch |
| 18:40 | Build | Farm |
| 18:57 | Create | Villager (Male) |
| 19:24 | Create | Villager (Male) |
| 19:36 | Build | Watch Tower |
| 19:42 | Build | Stone Wall |
| 19:45 | Build | Stone Wall |
| 19:46 | Build | Stone Wall |
| 19:49 | Build | Stone Wall |
| 19:54 | Research | Castle Age |
| 20:26 | Research | Horse Collar |
| 20:55 | Create | Villager (Male) |
| 20:56 | Create | Villager (Male) |
| 20:59 | Build | Stable |
| 21:01 | Research | Bloodlines |
| 21:06 | Research | Fletching |
| 21:15 | Build | Farm |
| 21:16 | Build | Farm |
| 21:21 | Build | Lumber Camp |
| 21:39 | Research | Bloodlines |
| 21:51 | Build | Farm |
| 21:51 | Build | Farm |
| 21:54 | Build | Farm |
| 21:54 | Build | Farm |
| 22:10 | Build | Farm |
| 22:15 | Research | Forging |
| 22:28 | Build | Farm |
| 22:30 | Build | Farm |
| 22:34 | Age | Castle Age |
| 22:37 | Create | Steppe Lancer |
| 22:39 | Create | Steppe Lancer |
| 22:45 | Research | Bow Saw |
Match timeline
| 7:41 | Molle · first_building Barracks |
| 8:26 | wisenatic · first_building Dock |
| 8:52 | Molle · age_up feudal |
| 8:55 | Molle · first_building Stable |
| 9:44 | wisenatic · wall_segment Palisade Wall x1 |
| 9:47 | wisenatic · wall_segment Palisade Wall x1 |
| 9:47 | wisenatic · wall_segment Palisade Wall x1 |
| 9:47 | wisenatic · wall_segment Palisade Wall x1 |
| 10:57 | wisenatic · wall_segment Palisade Wall x1 |
| 10:58 | wisenatic · wall_segment Palisade Wall x1 |
| 11:03 | wisenatic · wall_segment Palisade Wall x1 |
| 11:04 | wisenatic · wall_segment Palisade Wall x1 |
| 11:13 | wisenatic · wall_segment Palisade Wall x1 |
| 11:24 | wisenatic · age_up feudal |
| 12:01 | Molle · wall_segment Palisade Wall x4 |
| 12:02 | Molle · wall_segment Palisade Wall x1 |
| 12:02 | Molle · wall_segment Palisade Wall x1 |
| 12:03 | Molle · wall_segment Palisade Wall x1 |
| 12:03 | Molle · wall_segment Palisade Wall x1 |
| 12:03 | Molle · wall_segment Palisade Wall x1 |
| 12:15 | wisenatic · wall_segment Palisade Wall x1 |
| 12:17 | wisenatic · wall_segment Palisade Wall x1 |
| 12:19 | wisenatic · wall_segment Palisade Wall x1 |
| 12:24 | Molle · wall_segment Palisade Wall x4 |
| 12:27 | Molle · wall_segment Palisade Wall x18 |
| 12:37 | wisenatic · first_market_sell 100 stone |
| 12:38 | wisenatic · first_market_buy 100 food |
| 13:06 | Molle · wall_segment Palisade Wall x5 |
| 13:07 | wisenatic · wall_segment Palisade Wall x1 |
| 13:12 | wisenatic · wall_segment Palisade Wall x1 |
| 13:13 | wisenatic · wall_segment Palisade Wall x1 |
| 13:37 | Molle · wall_segment Stone Wall x1 |
| 13:38 | Molle · wall_segment Stone Wall x1 |
| 13:38 | Molle · wall_segment Stone Wall x1 |
| 13:38 | Molle · wall_segment Stone Wall x1 |
| 13:45 | Molle · wall_segment Palisade Wall x1 |
| 13:46 | Molle · wall_segment Palisade Wall x1 |
| 13:46 | Molle · wall_segment Palisade Wall x1 |
| 13:46 | Molle · wall_segment Palisade Wall x1 |
| 14:59 | wisenatic · first_building Barracks |
| 15:12 | Molle · wall_segment Palisade Wall x1 |
| 15:12 | Molle · wall_segment Palisade Wall x1 |
| 15:13 | Molle · wall_segment Palisade Wall x1 |
| 15:13 | Molle · wall_segment Palisade Wall x1 |
| 15:24 | wisenatic · age_up castle |
| 17:16 | Molle · wall_segment Palisade Wall x3 |
| 17:16 | Molle · wall_segment Palisade Wall x1 |
| 18:22 | wisenatic · first_building Castle |
| 19:42 | Molle · wall_segment Stone Wall x1 |
| 19:45 | Molle · wall_segment Stone Wall x1 |
| 19:46 | Molle · wall_segment Stone Wall x1 |
| 19:49 | Molle · wall_segment Stone Wall x1 |
| 21:31 | wisenatic · first_building Monastery |
| 22:14 | Molle · first_market_buy 100 food |
| 22:34 | Molle · age_up castle |
| 23:25 | Molle · first_market_sell 100 stone |
| 27:29 | Molle · first_building Siege Workshop |
| 28:11 | wisenatic · first_building Siege Workshop |
| 37:09 | Molle · first_building Castle |
| 41:53 | Molle · age_up imperial |
| 42:13 | wisenatic · age_up imperial |
| 51:10 | Molle · first_building Monastery |
| 55:13 | wisenatic · resign |
[ AI ANALYSIS · 1 CREDIT ]
What really happened in this match?
Wolo.gg analyzes every decision: build order, eco, micro, common mistakes by bracket. Personalized analysis on WhatsApp or Discord in 30 seconds.
Civ guide
Muisca
Perfil
Jugador #616906